 Dungeon Crawl Stone Soup version 0.25-a0-504-g768f60da87 (webtiles) character file.

Game seed: 14438401403035028446, levelgen mode: deterministic

41774 Kohma the Fighter (level 13, -3/123 HPs)
             Began as a Green Draconian Ice Elementalist on Feb 13, 2020.
             Was a High Priest of Ashenzari.
             Slain by a dire elephant (34 damage)
             ... on level 6 of the Lair of Beasts on Feb 14, 2020.
             The game lasted 01:05:42 (20478 turns).

Kohma the Fighter (DrIE)                           Turns: 20478, Time: 01:05:42

Health: -3/123     AC: 13    Str:  8    XL:     13   Next: 81%
Magic:  17/20      EV: 23    Int: 18    God:    Ashenzari [*****.]
Gold:   874        SH:  5    Dex: 13    Spells: 5/22 levels left

rFire    + . .     SeeInvis +   m - +3 dagger (elec) (curse)
rCold    + . .     Gourm    .   y - +0 buckler (curse)
rNeg     . . .     Faith    .   (armour unavailable)
rPois    +         Spirit   .   (helmet restricted)
rElec    +         Reflect  .   z - +0 cloak
rCorr    .         Harm     .   N - +1 pair of gloves
MR       .....     Clarity  +   t - +1 pair of boots (curse)
Stlth    +++.......             l - amulet of magic regeneration (curse)
HPRegen  0.30/turn              f - +5 ring of evasion (curse)
MPRegen  0.42/turn              h - ring of Dikhlura {+Fly rElec rF+ rC+ Str-4} (curse)

@: confusing touch
A: breathe noxious fumes, unfitting armour, poison resistance, cold-blooded, AC
+8
a: Breathe Noxious Fumes, Curse Item, Scrying, Transfer Knowledge, Renounce
Religion, Evoke Flight


You were on level 6 of the Lair of Beasts.
You worshipped Ashenzari.
Ashenzari was extremely pleased with you.
You were not hungry.

You visited 2 branches of the dungeon, and saw 17 of its levels.

You collected 1393 gold pieces.
You spent 519 gold pieces at shops.

Inventory:

Hand Weapons
 c - a +4 long sword of holy wrath
 m - a cursed +3 dagger of electrocution (weapon)
 I - a +4 arbalest of flaming
 J - a +4 rapier of draining
Missiles
 C - 4 throwing nets (quivered)
 P - 5 curare-tipped darts
Armour
 t - a cursed +1 pair of boots (worn)
 y - a cursed +0 buckler (worn)
 z - a +0 cloak (worn)
 N - a +1 pair of gloves (worn)
Magical Staves
 u - an uncursed staff of wizardry
 D - an uncursed staff of death
 L - an uncursed staff of cold
Jewellery
 f - a cursed +5 ring of evasion (left hand)
 h - the cursed ring of Dikhlura (right hand) {+Fly rElec rF+ rC+ Str-4}
   (You bought it in a shop on level 10 of the Dungeon)

   [ring of flight]

   It affects your strength (-4).
   It protects you from fire.
   It protects you from cold.
   It insulates you from electricity.
   It lets you fly.
   It has a curse placed upon it.
 l - a cursed amulet of magic regeneration (around neck)
 n - an uncursed ring of positive energy
Wands
 a - a wand of enslavement (14)
 d - a wand of paralysis (9)
 o - a wand of acid (14)
 q - a wand of digging (8)
 B - a wand of flame (46)
 O - a wand of random effects (12)
Scrolls
 e - 2 scrolls of fog
 j - 6 scrolls of blinking
 p - 6 scrolls of teleportation
 w - a scroll of magic mapping
 F - 4 scrolls of remove curse
 H - a scroll of enchant armour
 R - a scroll of identify
Potions
 g - a potion of mutation
 i - 3 potions of berserk rage
 k - 2 potions of might
 r - 5 potions of curing
 s - 7 potions of haste
 v - 4 potions of lignification
 x - 2 potions of resistance
 E - a potion of experience {unknown}
 G - a potion of magic
 K - a potion of heal wounds
 M - a potion of degeneration {unknown}
 T - a potion of flight
Miscellaneous
 A - a phial of floods
Comestibles
 b - 35 rations
 Q - 4 chunks of flesh


   Skills:
 + Level 13.8 Fighting
 - Level 7.6(11.6) Short Blades
 - Level 10.0 Dodging
 + Level 6.8 Stealth
 - Level 4.2(6.7) Shields
 - Level 5.0 Spellcasting
 - Level 0.6(2.4) Conjurations
 - Level 2.4(5.6) Hexes
 - Level 2.1(5.1) Summonings
 - Level 11.1(14.8) Ice Magic
 - Level 0.5(2.1) Air Magic
 - Level 2.4(5.6) Poison Magic
 - Level 5.9(10.0) Evocations


You had 5 spell levels left.
You knew the following spells:

 Your Spells              Type           Power        Failure   Level  Hunger
b - Frozen Ramparts       Ice            ######       1%          3    ##.....
c - Summon Ice Beast      Ice/Summ       #####...     2%          4    ####...
d - Confusing Touch       Hex            ###.....     4%          3    ##.....
e - Ensorcelled Hibernat  Hex/Ice        #####.       1%          2    #......
f - Poisonous Vapours     Pois/Air       ###...       4%          2    #......
g - Mephitic Cloud        Conj/Pois/Air  ###.....     10%         3    ##.....

Your spell library contained the following spells:

 Spells                   Type           Power        Failure   Level  Hunger
 Corona                   Hex            ###....      1%          1    None
 Freeze                   Ice            ####         1%          1    None
 Ozocubu's Armour         Chrm/Ice       ####....     1%          3    ##.....
 Hailstorm                Conj/Ice       #####...     3%          4    ####...
 Tukima's Dance           Hex            ###.....     4%          3    ##.....
 Dazzling Flash           Conj/Hex       ###...       8%          3    ##.....
 Conjure Flame            Conj/Fire      #.......     22%         3    ##.....
 Freezing Cloud           Conj/Ice/Air   ####......   82%         6    #######
 Ring of Flames           Chrm/Fire      #.........   100%        7    #######


Dungeon Overview and Level Annotations

Branches:
Dungeon (11/15)            Temple (0/1) D:5            Lair (6/6) D:11
  Swamp (0/4) Lair:4        Snake (0/4) Lair:4        Slime (0/5) Lair:5
    Orc (0/2) D:10

Altars:
Ashenzari
Cheibriados
Fedhas
Gozag
Kikubaaqudgha
Makhleb
Ru
Vehumet
Zin
Jiyva

Shops:
D:10 =

Annotations:
D:10 exclusion: downstairs


Innate Abilities, Weirdness & Mutations

You can breathe blasts of noxious fumes.
Your lurid green scales are hard. (AC +8)
You cannot fit into any form of body armour.
Your system is resistant to poisons. (rPois)
You are cold-blooded and may be slowed by cold attacks.


Message History

The dire elephant tramples you!!
* * * LOW HITPOINT WARNING * * *
You hold your ground!
The dire elephant barely misses you.
Casting: Frozen Ramparts (safe; 1% risk of failure)
Confirm with . or Enter, or press ? or * to list all spells.
Your hands begin to glow red.
The frozen ramparts melt away.
The dire elephant is no longer encased in ice.
The dire elephant tramples you!!
* * * LOW HITPOINT WARNING * * *
You hold your ground!
The dire elephant trunk-slaps you but does no damage.
You hit the dire elephant but do no damage.
The dire elephant is almost dead.
You feel much better. You block the dire elephant's attack.
The dire elephant trunk-slaps you!
* * * LOW HITPOINT WARNING * * *
You hit the dire elephant but do no damage.
The dire elephant is almost dead.
The dire elephant tramples you!!
You die...

#..♣ #...##........
#..# #..{##........
#..## #...##........
##...#####...##..P...#.
#....#8..'P.[#♣.P....##
##...'..######........#
#....#8...# #♣.......##
##..#####.# ♣..........
#...÷@.#.##♣.......P..
###.Y..#..##..........
#.#..##.##....#.....
###...#.###..#......
#8.8#...#♣.....P..
##'####.##........
##...≈#..#........
#..≈≈≈##.#.P...#..
#≈≈≈≈≈≈#.#.##..P..


You could see a dire elephant.

Vanquished Creatures
  Kirke (Lair:5)
  2 dire elephants (Lair:6)
  Harold (D:9)
  An ice dragon (Lair:2)
  3 hydras
  An anaconda (Lair:6)
  Sonja (Lair:4)
  A fire crab (Lair:6)
  An orc knight (D:11)
  8 elephants
  A black mamba (Lair:6)
  6 spiny frogs
  A torpor snail (Lair:6)
  7 komodo dragons
  2 rime drakes
  A tyrant leech (Lair:4)
  5 polar bears
  Prince Ribbit (D:6)
  A hornet (D:11)
  8 blink frogs
  6 hippogriffs
  7 hogs
  A shadow (D:11)
  31 yaks
  The ghost of paps the Shield-Bearer, an amateur MiFi of Okawaru (D:4)
  A wraith (D:11)
  2 basilisks
  A human (D:7)
  Menkaure (D:4)
  3 hungry ghosts
  A steam dragon (Lair:4)
  A naga (Lair:4)
  15 water moccasins
  6 porcupines
  13 orc warriors
  2 sky beasts
  3 black bears
  10 ice beasts
  A hornet zombie (D:10)
  An eye of draining (D:9)
  A necrophage (D:8)
  8 ogres
  2 centaurs
  3 phantoms
  31 wolves
  7 crocodiles
  16 bullfrogs
  4 big kobolds
  2 wyvern zombies
  A gnoll sergeant (D:6)
  A wyvern skeleton (D:10)
  7 scorpions
  14 killer bees
  4 wights (D:7)
  3 howler monkeys
  3 electric eels (D:11)
  2 crimson imps
  A bullfrog zombie (D:6)
  6 orc priests
  6 hounds
  A bullfrog skeleton (D:8)
  3 iguanas
  4 jellies
  A centaur skeleton (D:6)
  A gnoll shaman (D:8)
  Ijyb (D:3)
  12 orc wizards
  10 worker ants
  A hound skeleton (D:5)
  A hound zombie (D:8)
  3 worker ant zombies
  12 gnolls
  10 adders
  3 white imps (Lair:2)
  4 oozes
  3 adder skeletons
  5 worms
  5 dart slugs
  5 leopard geckos
  53 orcs
  4 giant cockroaches
  8 goblins
  8 hobgoblins
  8 jackals
  16 kobolds
  4 quokkas
  15 bats
  A frilled lizard (D:3)
  9 rats
  A rat zombie (D:6)
  3 plants (Lair:6)
497 creatures vanquished.

Vanquished Creatures (collateral kills)
  A death knight (D:11)
  4 oklob plants (Lair:6)
  An ice statue (Lair:2)
  A bullfrog (D:7)
  2 scorpions
  A howler monkey (D:9)
  A bullfrog zombie (D:11)
  3 orc priests (D:7)
  A bat zombie (D:6)
  A plant (Lair:6)
16 creatures vanquished.

Vanquished Creatures (others)
  An electric eel (D:11)
  A white imp (Lair:2)
  26 fungi
  24 plants
52 creatures vanquished.

Grand Total: 565 creatures vanquished

Notes
Turn   | Place    | Note
-------+----------+-------------------------------------------
     0 | D:1      | Kohma the Draconian Ice Elementalist began the quest for
                  | the Orb.
     0 | D:1      | Reached XP level 1. HP: 14/14 MP: 3/3
    61 | D:1      | Reached XP level 2. HP: 17/20 MP: 0/5
   624 | D:1      | Found a shattered altar of Ashenzari.
   631 | D:1      | Reached XP level 3. HP: 26/26 MP: 2/6
   648 | D:1      | Became a worshipper of Ashenzari the Shackled
   710 | D:2      | Found a burning altar of Makhleb.
   741 | D:2      | Learned a level 3 spell: Frozen Ramparts
   800 | D:2      | Reached skill level 5 in Ice Magic
  1159 | D:2      | Reached XP level 4. HP: 33/33 MP: 4/8
  1852 | D:3      | Noticed Ijyb
  1868 | D:3      | Killed Ijyb
  1868 | D:3      | Reached XP level 5. HP: 38/38 MP: 3/9
  2325 | D:4      | Reached XP level 6. HP: 41/45 MP: 7/11
  2384 | D:4      | Found a runed translucent gate.
  2384 | D:4      | Found a runed translucent gate.
  2385 | D:4      | Found a runed translucent gate.
  2386 | D:4      | Noticed paps's ghost (amateur MiFi)
  2455 | D:4      | Killed paps's ghost
  2464 | D:4      | Your scales start taking on a lurid green colour.
  2464 | D:4      | Reached XP level 7. HP: 8/50 MP: 0/13
  2464 | D:4      | Gained mutation: Your system is resistant to poisons.
                  | (rPois) [Green Draconian growth]
  2965 | D:4      | Reached skill level 1 in Short Blades
  3146 | D:4      | Noticed Menkaure
  3163 | D:4      | Killed Menkaure
  3349 | D:4      | Reached * piety under Ashenzari
  3612 | D:5      | Entered Level 5 of the Dungeon
  3684 | D:5      | Found a staircase to the Ecumenical Temple.
  3742 | D:5      | Reached XP level 8. HP: 57/57 MP: 11/14
  4582 | D:6      | Learned a level 4 spell: Summon Ice Beast
  4636 | D:6      | Found a blossoming altar of Fedhas.
  4859 | D:6      | Reached skill level 1 in Fighting
  4879 | D:6      | Reached skill level 1 in Summonings
  4909 | D:6      | Noticed Prince Ribbit
  5029 | D:6      | Reached skill level 2 in Fighting
  5031 | D:6      | Killed Prince Ribbit
  5031 | D:6      | Reached skill level 10 in Ice Magic
  5035 | D:6      | Reached XP level 9. HP: 23/68 MP: 3/15
  5291 | D:6      | Found an ancient bone altar of Kikubaaqudgha.
  5697 | D:6      | Reached ** piety under Ashenzari
  5765 | D:7      | Reached skill level 3 in Fighting
  5789 | D:7      | Found a sacrificial altar of Ru.
  5909 | D:7      | Reached skill level 5 in Short Blades
  6353 | D:7      | Found an opulent altar of Gozag.
  6353 | D:7      | Found a glowing silver altar of Zin.
  6590 | D:7      | Reached skill level 4 in Fighting
  6590 | D:7      | Reached skill level 5 in Spellcasting
  6604 | D:7      | Reached skill level 5 in Fighting
  6729 | D:8      | Found an ancient bone altar of Kikubaaqudgha.
  7114 | D:8      | Reached XP level 10. HP: 79/81 MP: 17/17
  7334 | D:8      | Reached skill level 1 in Shields
  7563 | D:9      | Found a radiant altar of Vehumet.
  7574 | D:9      | Reached skill level 6 in Fighting
  7635 | D:9      | Noticed Harold
  7691 | D:9      | Killed Harold
  8094 | D:9      | Reached skill level 7 in Fighting
  8235 | D:9      | Found a snail-covered altar of Cheibriados.
  8492 | D:10     | Entered Level 10 of the Dungeon
  8492 | D:10     | Reached *** piety under Ashenzari
  8531 | D:10     | Reached skill level 8 in Fighting
  8617 | D:10     | Reached skill level 1 in Evocations
  8629 | D:10     | Found a staircase to the Orcish Mines.
  8690 | D:10     | Learned a level 3 spell: Confusing Touch
  8847 | D:10     | Found the +7 great mace "Firestarter" {inner flame, rF++}
  9105 | D:10     | Reached XP level 11. HP: 94/94 MP: 14/18
  9125 | D:10     | Found Oxeewn's Jewellery Shoppe.
  9132 | D:10     | Bought the ring of Dikhlura {+Fly rElec rF+ rC+ Str-4} for
                  | 519 gold pieces
  9205 | D:11     | Noticed a death knight
  9534 | D:10     | Upgraded the game from 0.25-a0-503-ge281fa673e to
                  | 0.25-a0-504-g768f60da87
  9634 | D:11     | Reached skill level 1 in Hexes
 10656 | D:11     | Noticed an orc knight
 10689 | D:11     | Killed an orc knight
 11093 | D:11     | Learned a level 2 spell: Ensorcelled Hibernation
 11480 | D:11     | Reached skill level 9 in Fighting
 11833 | D:11     | HP: 4/97 [death knight/+3 broad axe (17)]
 11834 | D:11     | Killed a death knight
 12072 | D:11     | Found a staircase to the Lair.
 12296 | Lair:1   | Entered Level 1 of the Lair of Beasts
 12554 | Lair:1   | Reached skill level 5 in Dodging
 12624 | Lair:1   | Reached skill level 10 in Fighting
 12740 | Lair:1   | Reached **** piety under Ashenzari
 12948 | Lair:1   | Noticed a five-headed hydra
 12965 | Lair:1   | Killed a five-headed hydra
 13549 | Lair:2   | Noticed an ice dragon
 13569 | Lair:2   | Killed an ice dragon
 13569 | Lair:2   | Reached XP level 12. HP: 19/108 MP: 6/19
 14225 | Lair:2   | Reached skill level 11 in Fighting
 15510 | Lair:3   | Noticed a four-headed hydra
 15521 | Lair:3   | Killed a four-headed hydra
 15795 | Lair:3   | Learned a level 2 spell: Poisonous Vapours
 15799 | Lair:3   | Learned a level 3 spell: Mephitic Cloud
 16117 | Lair:3   | Reached skill level 1 in Poison Magic
 16412 | Lair:3   | Reached ***** piety under Ashenzari
 16543 | Lair:3   | Reached skill level 5 in Evocations
 16839 | Lair:4   | Found a staircase to the Snake Pit.
 16975 | Lair:4   | Noticed Sonja
 17055 | Lair:4   | Reached skill level 12 in Fighting
 17155 | Lair:4   | Noticed a four-headed hydra
 17167 | Lair:4   | Killed a four-headed hydra
 17605 | Lair:4   | Found a staircase to the Swamp.
 17673 | Lair:4   | Reached XP level 13. HP: 89/119 MP: 20/20
 18007 | Lair:4   | Killed Sonja
 18379 | Lair:5   | Noticed Kirke
 18406 | Lair:5   | Killed Kirke
 18516 | Lair:5   | Found a viscous altar of Jiyva.
 18517 | Lair:5   | Found a staircase to the Slime Pits.
 18748 | Lair:6   | Entered Level 6 of the Lair of Beasts
 18789 | Lair:6   | Reached skill level 13 in Fighting
 18809 | Lair:5   | Reached skill level 5 in Stealth
 20198 | Lair:6   | Reached skill level 10 in Dodging
 20346 | Lair:6   | Noticed a dire elephant
 20346 | Lair:6   | Noticed a dire elephant
 20347 | Lair:6   | Identified the ring of Elupibb {MR+++ AC+4 Str-3 Stlth+}
 20373 | Lair:6   | Killed a dire elephant
 20379 | Lair:6   | Killed a dire elephant
 20456 | Lair:6   | Noticed a dire elephant
 20478 | Lair:6   | Slain by a dire elephant

Levels and vault maps discovered:
D:1:      lemuel_arrival_lava_pool, layout_basic, ashenzari_altar_1
D:2:      layout_loops_ring, bloody_makhleb, kennysheep_generic_room_2
D:3:      layout_rooms, uniq_ijyb
D:4:      layout_basic, gammafunk_ghost_nasty_kobolds, uniq_menkaure
D:5:      kennysheep_big_flooded_room, layout_loops_ring,
          minmay_temple_entry_mini_moons, first_ration
D:6:      layout_cave_pods, lemuel_zombie_altar_kikubaaqudgha,
          fedhas_ov_isle_minmay, uniq_prince_ribbit1, uniq_blork_the_orc
D:7:      layout_cave_pools, grunt_temple_overflow_gold_and_silver,
          nicolae_ru_awakened_eye, grunt_livestock
D:8:      layout_basic, lemuel_altar_in_water
D:9:      layout_rooms, vehumet_altar_wand_db, marbit_many_paths,
          kennysheep_generic_room_5, uniq_harold
D:10:     layout_cave_pools, erik_orc_3, serial_shops, kennysheep_little_box
D:11:     layout_roguey [special_room_orc], grunt_lair_entry_orc_guard_hut,
          serial_bayou_ford_a
Lair:1:   layout_small_grid, roderic_batcave, lemuel_fruit_tree
Lair:2:   layout_loops_ring, chequers_serial_rivers_room_b, ice2_lemuel
Lair:3:   layout_roguey, grunt_megastairs_4
Lair:4:   layout_small_grid, minmay_swamp_entry_worms,
          minmay_snake_entry_guardpost_small, uniq_sonja
Lair:5:   layout_gridlike, dpeg_slime_entry_enclosed_altar, uniq_kirke
Lair:6:   due_jungle_book, layout_gridlike, lemuel_fruit_fields,
          minmay_lair_oklob_chamber, grunt_megastairs_1

Skill      XL: |  1  2  3  4  5  6  7  8  9 10 11 12 13 |
---------------+----------------------------------------+-----
Ice Magic      | 5 6 7 8 10 11 | 11.1
Spellcasting   | 3 4 5 |  5.0
Short Blades   | 2 4 6 7 |  7.6
Fighting       | 2 5 8 10 12 13 | 13.8
Summonings     | 2 |  2.1
Shields        | 4 |  4.2
Dodging        | 2 6 8 10 | 10.0
Evocations     | 1 4 5 |  5.9
Hexes          | 2 |  2.4
Stealth        | 2 6 |  6.8
Poison Magic   | 2 |  2.4
Conjurations   | |  0.6
Air Magic      | |  0.5

Action                   |  1- 3 |  4- 6 |  7- 9 | 10-12 | 13-15 || total
-------------------------+-------+-------+-------+-------+-------++-------
Melee: Dagger            |    40 |    52 |   207 |   887 |   267 ||  1453
       Unarmed           |     1 |       |       |       |       ||     1
       Tailslap          |     2 |     8 |    23 |    82 |    38 ||   153
 Cast: Freeze            |    26 |     2 |     5 |     1 |       ||    34
       Frozen Ramparts   |     2 |    22 |    37 |    79 |    18 ||   158
       Summon Ice Beast  |       |       |     7 |    17 |    11 ||    35
       Confusing Touch   |       |       |       |    21 |     4 ||    25
       Ensorcelled Hiber |       |       |       |    37 |    27 ||    64
       Poisonous Vapours |       |       |       |    14 |     1 ||    15
       Mephitic Cloud    |       |       |       |     1 |     4 ||     5
Invok: Curse Item        |       |     1 |     3 |     3 |       ||     7
 Abil: Breathe Noxious F |       |       |       |     1 |       ||     1
Evoke: Box of beasts     |       |       |       |     2 |       ||     2
       Wand              |       |       |       |       |     3 ||     3
  Use: Scroll            |       |       |    15 |    11 |     1 ||    27
       Potion            |       |       |     1 |     4 |     1 ||     6
 Stab: Sleeping          |       |     3 |     1 |    18 |    13 ||    35
       Confused          |       |       |       |     9 |     7 ||    16
       Distracted        |       |       |       |     1 |       ||     1
  Eat: Chunk             |     1 |     6 |    20 |    24 |     9 ||    60
       Ration            |       |       |       |     6 |     1 ||     7
Armor: Skin              |    12 |     8 |    25 |   127 |    21 ||   193
Dodge: Dodged            |    36 |    40 |   138 |   452 |   165 ||   831
Block: Buckler           |       |       |       |   141 |    56 ||   197

Table legend:
 A = Non-vault XP
 B = Vault XP
 C = Vault XP percentage of total XP
 D = Non-vault monster count
 E = Vault monster count
 F = Vault count percentage of total count
                 A         B        C        D         E       F
            +---------+---------+-------+---------+---------+-------
      Total |   39521 |   20157 |  33.8 |     385 |     126 |  24.7
            +---------+---------+-------+---------+---------+-------
        D:1 |      42 |       0 |   0.0 |      20 |       0 |   0.0
        D:2 |      82 |       0 |   0.0 |      22 |       0 |   0.0
        D:3 |     147 |      36 |  19.7 |      20 |       1 |   4.8
        D:4 |     271 |     566 |  67.6 |      10 |      11 |  52.4
        D:5 |     521 |     109 |  17.3 |      12 |       2 |  14.3
        D:6 |     871 |     276 |  24.1 |      30 |       3 |   9.1
        D:7 |     944 |     979 |  50.9 |      27 |       5 |  15.6
        D:8 |    1130 |       0 |   0.0 |      22 |       0 |   0.0
        D:9 |    1867 |    1080 |  36.6 |      34 |       4 |  10.5
       D:10 |    1542 |     547 |  26.2 |      28 |      18 |  39.1
       D:11 |    2768 |    2705 |  49.4 |      30 |      32 |  51.6
     Lair:1 |    4232 |      13 |   0.3 |      24 |       9 |  27.3
     Lair:2 |    2336 |    2890 |  55.3 |      11 |      15 |  57.7
     Lair:3 |    5244 |     147 |   2.7 |      23 |       1 |   4.2
     Lair:4 |    6241 |    1262 |  16.8 |      26 |       3 |  10.3
     Lair:5 |    2696 |    2991 |  52.6 |      16 |       5 |  23.8
     Lair:6 |    8587 |    6556 |  43.3 |      30 |      17 |  36.2
            +---------+---------+-------+---------+---------+-------
